 Dungeon Crawl Stone Soup version 0.15-a0-734-g2b8d6ef (webtiles) character file.

433 PolkaDot the Caller (level 6, -5/41 HPs)
             Began as a Vampire Summoner on May 11, 2014.
             Killed from afar by Ijyb (15 damage)
             ... with a wand of lightning
             ... on Level 5 of the Dungeon.
             The game lasted 00:18:17 (4184 turns).

PolkaDot the Caller (Vampire Summoner)              Turns: 4184, Time: 00:18:17

HP  -5/41        AC  2     Str  7      XL: 6   Next: 67%
MP   7/13        EV 12     Int 19      God:
Gold 198         SH  0     Dex 14      Spells:  4 memorised,  2 levels left

rFire  . . .     SeeInvis +     p - +0 cutlass (curse)
rCold  . . .     Clarity  .     i - -1 robe (curse)
rNeg   . . .     Conserve .     (no shield)
rPois  .         rCorr    .     (no helmet)
rElec  .         rRot     .     j - +0 cloak
SustAb . .       Spirit   .     (no gloves)
rMut   .         Warding  .     (no boots)
Gourm  .         Stasis   .     (no amulet)
MR     .....                    (no ring)
                                (no ring)

@: regenerating quickly, not resistant to hostile enchantments, unstealthy
A: bottle blood, fangs 3, see invisible, unbreathing
a: Bottle Blood


You were on level 5 of the Dungeon.
You were full.

You visited 1 branch of the dungeon, and saw 5 of its levels.

You collected 198 gold pieces.

Inventory:

Hand weapons
 c - a +3,+2 halberd of flaming
 p - a cursed +0,+0 cutlass (weapon)
Missiles
 n - a throwing net (quivered)
Armour
 a - a +0 robe
 i - a cursed -1 robe (worn)
 j - a +0 cloak (worn)
Magical devices
 q - a wand of slowing (14)
Scrolls
 d - a scroll of fear
 k - a scroll of magic mapping
 l - a scroll of teleportation
Potions
 e - 2 potions of restore abilities
 f - 5 potions of curing
 g - 5 potions of heal wounds
 h - 3 potions of haste
 m - a potion of brilliance
 o - a potion of mutation {!q}
 r - a potion of paralysis {unknown}
Books
 b - a book of Callings

   Spells                             Type                      Level
   *Summon Small Mammal               Summoning                    1
   *Call Imp                          Summoning                    2
   *Call Canine Familiar              Summoning                    3
   Summon Guardian Golem              Hexes/Summoning              4
   Summon Lightning Spire             Summoning/Air                4
   *Summon Ice Beast                  Ice/Summoning                4


   Skills:
 - Level 2.1 Dodging
 - Level 3.0 Stealth
 - Level 3.6 Spellcasting
 + Level 7.3 Summonings


You had 2 spell levels left.
You knew the following spells:

 Your Spells              Type           Power        Failure   Level  Hunger
a - Summon Small Mammal   Summ           ####         1%          1    None
d - Call Canine Familiar  Summ           ####....     1%          3    ###....
f - Summon Ice Beast      Ice/Summ       ###.....     34%         4    ####...
s - Call Imp              Summ           ####....     1%          2    ##.....


Dungeon Overview and Level Annotations

Branches:
Dungeon (5/15)
 Temple: D:4-7

Altars:
Okawaru

Annotations:
D:5 Ijyb


Innate Abilities, Weirdness & Mutations

Your natural rate of healing is unusually fast.
You can bottle blood from corpses.
You have razor-sharp teeth.*
You have supernaturally acute eyesight.
You can survive without breathing.*


Message History

Confirm with . or Enter, or press ? or * to list all spells.
A shadowy apparition takes form in the air.
Ijyb zaps a wand.
The bolt of lightning hits your hound.
Your hound dies!
Your hound's corpse disappears in a puff of smoke!
The bolt of lightning hits you!
Ouch! That really hurt!
* * * LOW HITPOINT WARNING * * *
Casting: Call Imp
Confirm with . or Enter, or press ? or * to list all spells.
A beastly little devil appears in a puff of flame.
Casting: Call Imp
Confirm with . or Enter, or press ? or * to list all spells.
Something hits your shadow imp but does no damage.
Something closely misses your shadow imp.
Your hound bites Ijyb but does no damage.
You swap places.
Your hound bites Ijyb but does no damage.
Ijyb zaps a wand.
The bolt of lightning hits you!
You die...

#######################
#......#......#.......###
#..g§..#......#....)..<..
#......#@5....#..........
#......gh5....#..........
#...?..?......#..........
###......#...##..........
##.....................
#.....................
###.........#....#....
#.........#....#....
....................


You could see Ijyb, a friendly hound, a friendly crimson imp and a friendly
shadow imp.

Vanquished Creatures
  An orc wizard (D:3)
  4 adders
  A gnoll (D:2)
  A worm (D:2)
  3 orcs (D:3)
  A ball python (D:1)
  6 bats
  11 goblins
  5 hobgoblins
  4 kobolds
  A quokka (D:2)
  5 giant cockroaches
  A giant gecko (D:2)
  5 giant newts
  7 rats
56 creatures vanquished.

Vanquished Creatures (collateral kills)
  The ghost of catsarecewl the Changer, an experienced NaTm (D:5)
  2 ogres
  2 orc wizards
  An orc priest (D:4)
  A worker ant (D:4)
  7 gnolls
  4 adders
  8 orcs
  2 bats
  3 hobgoblins
  2 giant geckos
  2 kobolds
  2 rats (D:3)
37 creatures vanquished.

Vanquished Creatures (others)
  A hound (D:5)
  A quokka (D:5)
  2 rats (D:5)
4 creatures vanquished.

Grand Total: 97 creatures vanquished

Notes
Turn   | Place    | Note
--------------------------------------------------------------
     0 | D:1      | PolkaDot, the Vampire Summoner, began the quest for the Orb.
     0 | D:1      | Reached XP level 1. HP: 13/13 MP: 3/3
   478 | D:1      | Reached XP level 2. HP: 16/19 MP: 4/4
   503 | D:1      | Learned a level 2 spell: Call Imp
  1145 | D:2      | Reached skill level 5 in Summonings
  1250 | D:2      | Reached XP level 3. HP: 24/24 MP: 6/6
  1463 | D:1      | Learned a level 3 spell: Call Canine Familiar
  1874 | D:2      | Reached XP level 4. HP: 20/30 MP: 4/8
  2331 | D:3      | Reached XP level 5. HP: 28/35 MP: 11/11
  2910 | D:3      | Learned a level 4 spell: Summon Ice Beast
  3276 | D:4      | Noticed an ogre
  3278 | D:4      | Found an iron altar of Okawaru.
  3288 | D:4      | Killed an ogre
  3288 | D:4      | Reached skill level 6 in Summonings
  3295 | D:4      | Reached XP level 6. HP: 33/41 MP: 2/13
  3869 | D:5      | Entered Level 5 of the Dungeon
  3891 | D:5      | Noticed catsarecewl's ghost (experienced NaTm)
  3926 | D:5      | Killed catsarecewl's ghost
  3926 | D:5      | Reached skill level 7 in Summonings
  4174 | D:5      | Noticed Ijyb
  4184 | D:5      | Killed from afar by Ijyb

Action                   |  1- 3 |  4- 6 || total
-------------------------+-------+-------++-------
Melee: Whip              |    70 |       ||    70
       Unarmed           |     5 |       ||     5
       Halberd           |    18 |    38 ||    56
       Cutlass           |       |    77 ||    77
 Cast: Summon Small Mamm |    18 |    14 ||    32
       Call Canine Famil |     3 |    10 ||    13
       Call Imp          |       |    23 ||    23
Evoke: Wand              |       |     2 ||     2
  Use: Potion            |     1 |       ||     1
       Scroll            |       |    12 ||    12
 Stab: Sleeping          |     3 |     8 ||    11
